AoeStats
← KLOAKAN

Hideout

508270162Analyzed
1v1 RM · 10d ago on Sep 21, 2026· 17m 54s· 2 players
Game mode
Random Map
Map size
Tiny (2 player)
Population
200
Speed
Normal
Resources
Standard
Victory
Conquest
Starting age
Dark Age
Ending age
Imperial Age
RankedLock teamsTeams togetherTeam positionsShared explorationLock speedFull tech treeHidden civsTurbo modeCheats
Victory
Defeat
🇲🇽 Goths · Mexico
1391
+16
🇨🇿 Vikings · Czechia
1387
-16
KLOAKAN
7:35 Loom
10:03 Feudal Age
10:33 Town Watch
12:08 Double-Bit Axe
15:45 Fletching
Matroda
8:54 Feudal Age
8:55 Man-at-Arms
11:18 Double-Bit Axe
15:34 Fletching
Connection lost

Rejoining the realm…

Still unreachable

The connection could not be restored.

Session expired

The server has moved on; the page needs a fresh start.